 Dungeon Crawl Stone Soup version 0.28-b1-1-g3c77fb2ed1 (webtiles) character file.

Game seed: 487942715880795764

927 Descartes the Digger (level 7, -2/36 HPs)
             Began as a Deep Elf Wanderer on Jan 30, 2022.
             Slain by an ogre (21 damage)
             ... on level 6 of the Dungeon.
             The game lasted 00:15:27 (5840 turns).

Descartes the Digger (Deep Elf Wanderer)            Turns: 5840, Time: 00:15:28

Health: -2/36      AC:  4    Str:  9    XL:     7   Next: 85%
Magic:  13/13      EV: 18    Int: 21    God:
Gold:   283        SH:  5    Dex: 18    Spells: 1/12 levels left

rFire   . . .      SeeInvis .   y - +4 dagger "Koureih" {drain, Stlth+}
rCold   . . .      Faith    .   (no shield)
rNeg    . . .      Spirit   .   d - +0 robe
rPois   .          Reflect  +   s - +0 helmet
rElec   .          Harm     .   (no cloak)
rCorr   .          Rampage  .   i - +0 pair of gloves
Will    .....                   (no boots)
Stlth   +++.......              u - amulet of reflection
HPRegen 0.12/turn               g - +6 ring of intelligence
MPRegen 0.13/turn               D - +4 ring of evasion

@: no status effects
A: no striking features
a: no special abilities


You were on level 6 of the Dungeon.
You visited 2 branches of the dungeon, and saw 7 of its levels.
You also visited: Sewer.

You collected 283 gold pieces.

Inventory:

Hand Weapons
 a - a +2 quarterstaff
 b - a +0 hunting sling
 c - a +0 dagger
 o - a +2 dagger of electrocution
 y - the +4 dagger "Koureih" (weapon) {drain, Stlth+}
   (You found it on level 3 of the Dungeon)

   A truly terrible weapon, it drains the life of any living foe it strikes.
   Stlth:     It makes you more stealthy.
Missiles
 e - 207 stones
 h - 26 poisoned darts (quivered)
 n - 32 sling bullets
 p - 46 arrows
 q - 2 boomerangs
 x - 5 javelins
 A - 2 silver javelins
Armour
 d - a +0 robe (worn)
 i - a +0 pair of gloves (worn)
 s - a +0 helmet (worn)
Magical Staves
 m - a staff of earth
Jewellery
 g - a +6 ring of intelligence (left hand)
 u - an amulet of reflection (around neck)
 v - a ring of fire
 w - a ring of fire
 D - a +4 ring of evasion (right hand)
 E - a +6 ring of intelligence
 G - a ring of poison resistance
 H - a ring of willpower
Scrolls
 f - 2 scrolls of enchant armour
 j - a scroll of immolation
 k - 2 scrolls of teleportation
 C - a scroll of magic mapping
 F - a scroll of fear {unknown}
Potions
 l - 2 potions of brilliance
 r - a potion of curing {unknown}
 t - a potion of resistance {unknown}
 z - a potion of heal wounds
 B - a potion of invisibility {unknown}


   Skills:
 + Level 3.6 Short Blades
 - Level 4.0 Staves
 - Level 2.0 Throwing
 - Level 3.0 Armour
 + Level 4.0 Dodging
 + Level 2.6 Stealth
 - Level 3.0 Spellcasting
 + Level 1.0 Conjurations
 + Level 2.8 Transmutations
 + Level 1.1 Fire Magic
 + Level 4.3 Earth Magic
 + Level 2.5 Poison Magic


You had one spell level left.
You knew the following spells:

 Your Spells              Type           Power      Damage    Failure   Level
a - Beastly Appendage     Tmut           30%        N/A       4%          1
b - Sandblast             Erth           42%        2d11      2%          1
c - Sting                 Tmut/Pois      56%        1d5       4%          1
d - Olgreb's Toxic Radia  Pois           13%        N/A       43%         4
e - Apportation           Tloc           6%         N/A       13%         1
f - Conjure Flame         Conj/Fire      7%         6-21      26%         3

Your spell library contained the following spells:

 Spells                   Type           Power      Damage    Failure   Level
 Passwall                 Tmut/Erth      15%        N/A       4%          2
 Wereblood                Tmut           15%        N/A       6%          2
 Poisonous Vapours        Pois/Air       16%        N/A       12%         2
 Spider Form              Tmut/Pois      14%        N/A       13%         3
 Stone Arrow              Conj/Erth      28%        3d8       13%         3
 Ignite Poison            Fire/Tmut/Pois 12%        N/A       16%         3
 Gell's Gravitas          Tloc           3%         N/A       36%         3
 Teleport Other           Tloc           3%         N/A       36%         3
 Sticky Flame             Conj/Fire      7%         2d3       65%         4
 Alistair's Intoxication  Tmut/Pois      9%         N/A       77%         5
 Dispersal                Tloc           1%         N/A       100%        6


Dungeon Overview and Level Annotations

Branches:
Dungeon (6/15)             Temple (1/1) D:4           Sewer (visited)

Altars:
Ashenzari
Cheibriados
Dithmenos
Elyvilon
Fedhas
Hepliaklqana
Kikubaaqudgha
Makhleb
Nemelex Xobeh
Okawaru
Qazlal
Ru
Sif Muna
Trog
Uskayaw
Vehumet
Wu Jian
The Shining One
Lugonu

Shops:
D:1 [

Portals:
Abyss: D:5

Annotations:
D:4 2 transporters


Message History

An ogre comes into view. It is wielding a +0 giant club.
Casting: Sandblast (safe; 2% risk of failure)
Confirm with . or Enter, or press ? or * to list all spells.
Aiming: Sandblast (safe; 2% risk of failure)
Press: ? - help, Shift-Dir - straight line, f - ogre
Aim: an ogre, wielding a +0 giant club (wandering, hasn't noticed you, 91% to hit)
The blast of sand hits the ogre!
The ogre is moderately wounded.
The ogre shouts!
e - 208 stones The ogre shouts!
Casting: Sandblast (safe; 2% risk of failure)
Confirm with . or Enter, or press ? or * to list all spells.
Aiming: Sandblast (safe; 2% risk of failure)
Press: ? - help, Shift-Dir - straight line, f/p - ogre
Aim: an ogre, wielding a +0 giant club (lightly wounded, 91% to hit)
The blast of sand hits the ogre!
The ogre is heavily wounded.
e - 207 stones The ogre misses you.
You hit the ogre. You drain the ogre.
The ogre is severely wounded.
The ogre closely misses you.
You hit the ogre but do no damage. You drain the ogre.
The ogre is severely wounded.
You hit the ogre. You drain the ogre.
You kill the ogre!
Your Dodging skill increases to level 4!
Your Conjurations skill increases to level 1!
Your Fire Magic skill increases to level 1!
You hit the ogre.
The ogre is lightly wounded.
The ogre hits you with a +0 giant club!
You hit the ogre. You drain the ogre.
The ogre is heavily wounded.
You hit the ogre. You drain the ogre.
The ogre is almost dead.
The ogre hits you with a +0 giant club!!
Ouch! That really hurt!
You die...

#####.........
#.......#####
#.###...#####
#.#..........
#.#.#...#####
#.#.#....# #.#
#.#.#....# #.#
#.#O#....# #.#
#.#@#....# #.#
#.#.#...## #.#
#.#.#...# #)#
#.#.#
#######.###.#.#
..............#
#######.###.###
#)# #.# #.#
#.#.# #.#


You could see an ogre (drained).

Vanquished Creatures
  A water moccasin (D:6)
  3 ogres
  2 kobold brigands (Sewer)
  A scorpion (D:5)
  2 hounds
  2 bullfrog skeletons
  A centaur skeleton (D:5)
  Jessica (D:2)
  11 adders
  4 river rats (Sewer)
  An ufetubus (D:3)
  2 worms
  A dart slug (D:4)
  4 orcs (D:4)
  3 bats
  6 endoplasms
  4 giant cockroaches
  3 hobgoblins (D:3)
  7 quokkas
  8 ball pythons
  3 frilled lizards
  5 goblins
  9 kobolds
  7 rats
  A lurking horror (D:5)
92 creatures vanquished.

Notes
Turn   | Place    | Note
-------+----------+-------------------------------------------
     0 | D:1      | Descartes the Deep Elf Wanderer began the quest for the
                  | Orb.
     0 | D:1      | Descartes set off with the following items: a +2
                  | quarterstaff, 12 poisoned darts, a +0 dagger, a +0 robe;
                  | and the following spell memorised: Beastly Appendage; and
                  | the following spells available to memorise: Spider Form
     0 | D:1      | Reached XP level 1. HP: 10/10 MP: 6/6
   244 | D:1      | Reached skill level 1 in Dodging
   327 | D:1      | Found a faded altar of an unknown god.
   332 | D:1      | Reached XP level 2. HP: 15/15 MP: 8/8
   472 | D:1      | Found Noniy's Antique Armour Shoppe.
   727 | D:2      | Noticed Jessica
   995 | D:2      | Learned a level 1 spell: Sandblast
  1041 | D:2      | Killed Jessica
  1042 | D:2      | Reached skill level 1 in Earth Magic
  1042 | D:2      | Reached XP level 3. HP: 7/19 MP: 9/9
  1281 | D:2      | Found a white marble altar of Elyvilon.
  2206 | D:2      | Reached XP level 4. HP: 21/24 MP: 10/10
  2657 | D:3      | Identified the +4 dagger "Koureih" {drain, Stlth+}
  2669 | D:3      | Reached skill level 1 in Short Blades
  3042 | D:4      | Found a transporter.
  3075 | D:4      | Found a transporter.
  3235 | D:4      | Found a staircase to the Ecumenical Temple.
  3251 | Temple   | Entered the Ecumenical Temple
  3437 | D:4      | Reached XP level 5. HP: 28/28 MP: 11/11
  3455 | D:4      | Noticed an ogre
  3460 | D:4      | Killed an ogre
  4045 | D:5      | Entered Level 5 of the Dungeon
  4057 | D:5      | Found an ornate altar of the Wu Jian Council.
  4086 | D:5      | Found a stormy altar of Qazlal.
  4104 | D:5      | Reached XP level 6. HP: 23/32 MP: 12/12
  4125 | D:5      | Learned a level 1 spell: Sting
  4270 | D:5      | Found a glowing drain.
  4302 | Sewer    | Entered a sewer
  4337 | Sewer    | Reached skill level 1 in Poison Magic
  4490 | Sewer    | Reached skill level 1 in Stealth
  4635 | Sewer    | Reached XP level 7. HP: 25/36 MP: 13/13
  5042 | D:5      | Found a one-way gate to the infinite horrors of the Abyss.
  5044 | D:5      | Found a corrupted altar of Lugonu.
  5227 | D:5      | Learned a level 4 spell: Olgreb's Toxic Radiance
  5229 | D:5      | Learned a level 1 spell: Apportation
  5246 | D:5      | Learned a level 3 spell: Conjure Flame
  5838 | D:6      | Reached skill level 1 in Conjurations
  5838 | D:6      | Reached skill level 1 in Fire Magic
  5840 | D:6      | Slain by an ogre

Illustrated notes

Levels and vault maps discovered:
D:1:      dpeg_arrival_lava_temple_mockup, layout_rooms, serial_shops,
          nicolae_lakefront_shop, shapermc_ecumenical_altar_notcrosses,
          minmay_tetromino_t2
D:2:      layout_loops_cross, basic_altar, uniq_jessica
D:3:      layout_rooms
D:4:      gammafunk_wand_slinger, layout_gridville, temple_doors_cd,
          corner_web_ring
D:5:      layout_rooms, nicolae_wu_jian_wuxing_cycle,
          mainiacjoe_overflow_alcove_2, gup_sewer_entry_pipe,
          amcnicky_altar_lugonu_corruption
D:6:      layout_basic, uniq_maggie
Temple:   eino_temple_scatter_basement

Skill      XL: |  1  2  3  4  5  6  7 |
---------------+----------------------+-----
Dodging        | 2 3 4 |  4.0
Earth Magic    | 1 2 3 4 |  4.3
Short Blades   | 1 2 3 |  3.6
Armour         | 2 3 |  3.0
Poison Magic   | 1 2 |  2.5
Stealth        | 1 2 |  2.6
Transmutations | 2 |  2.8
Conjurations   | 1 |  1.0
Fire Magic     | 1 |  1.1
Staves         | |  4.0
Throwing       | |  2.0
Spellcasting   | |  3.0

Action                   |  1- 3 |  4- 6 |  7- 9 || total
-------------------------+-------+-------+-------++-------
Melee: Quarterstaff      |    11 |       |       ||    11
       Dagger            |    34 |   207 |    87 ||   328
       Punch             |     1 |     3 |       ||     4
       Kick              |       |     1 |       ||     1
       Headbutt          |       |     1 |       ||     1
 Fire: Hunting sling     |    37 |       |       ||    37
 Cast: Sandblast         |       |     5 |     3 ||     8
       Beastly Appendage |       |     2 |       ||     2
  Use: Scroll            |       |     8 |       ||     8
       Potion            |       |     3 |       ||     3
 Stab: Sleeping          |       |     5 |     7 ||    12
Armor: Robe              |     9 |    22 |    12 ||    43
Dodge: Dodged            |    36 |   131 |    57 ||   224
Block: Other             |       |    43 |    11 ||    54
       Reflection        |       |       |     1 ||     1
